 Dungeon Crawl Stone Soup version 0.31-a0-1576-ga3383bade6 (webtiles) character file.

Game seed: 11247478637377609915

55 CowFu the Chopper (level 3, -8/26 (31) HPs)
             Began as a Hill Orc Reaver on Jan 4, 2024.
             Killed by divine providence
             ... invoked by an orc priest
              (14 damage)
             ... on level 3 of the Dungeon.
             The game lasted 00:03:21 (1781 turns).

CowFu the Chopper (Hill Orc Reaver)                 Turns: 1781, Time: 00:03:22

HP:   -8/26 (31)    AC:  4    Str: 16    XL:     3   Next: 93%
MP:   4/5           EV: 11    Int: 13    God:
Gold: 126           SH:  0    Dex:  9    Spells: 4/5 levels left

rFire   . . .        a - +0 hand axe
rCold   . . .        (no shield)
rNeg    . . .        m - +0 leather armour
rPois   .            j - +0 helmet
rElec   .            (no cloak)
rCorr   .            (no gloves)
SInv    .            (no boots)
Will    .....        (no amulet)
Stlth   +            (no ring)
HPRegen 0.24/turn    (no ring)
MPRegen 0.09/turn

%: no passive effects
@: brilliant, heavily drained
A: no striking features
a: Convert to Beogh


You were on level 3 of the Dungeon.
You visited 1 branch of the dungeon, and saw 4 of its levels.

You collected 126 gold pieces.

Inventory:

Hand Weapons
 a - a +0 hand axe (weapon)
 b - a +0 flail
Missiles
 n - a throwing net
Armour
 j - a +0 helmet (worn)
 m - a +0 leather armour (worn)
Scrolls
 c - 5 scrolls of identify {unknown}
 f - a scroll of teleportation {unknown}
 g - a scroll of noise {unknown}
 h - a scroll of fog {unknown}
 k - 2 scrolls of brand weapon {unknown}
 l - a scroll of poison {unknown}
 p - a scroll of silence {unknown}
Potions
 d - a potion of brilliance
 e - a potion of mutation {unknown}
 i - a potion of enlightenment {unknown}
 o - a potion of curing {unknown}


   Skills:
 + Level 3.1 Fighting
 + Level 4.5 Axes
 + Level 1.4 Armour
 - Level 1.5 Dodging
 - Level 1.5 Spellcasting
 + Level 3.3 Conjurations
 + Level 1.2 Necromancy


You had 4 spell levels left.
You knew the following spells:

 Your Spells              Type           Power      Damage    Failure   Level
a - Kiss of Death         Conj/Necr      40%        2d8       13%         1

Your spell library contained the following spells:

 Spells                   Type           Power      Damage    Failure   Level
 Momentum Strike          Conj/Tloc      16%        3d8       26%         2
 Hailstorm                Conj/Ice       8%         3d5       45%         3


Dungeon Overview and Level Annotations

Branches:
Dungeon (4/15)
 Temple: D:4-7

Altars:


Message History

You hit the frilled lizard.
You kill the frilled lizard!
There are monsters nearby!
An orc comes into view. It is wielding a +0 rapier.
It was a potion of brilliance.
You feel clever all of a sudden.
The orc shouts!
The orc hits you with a +0 dagger.
The orc hits you from afar with a +0 trident.
An orc comes into view. It is wielding a +0 mace.
You barely miss the orc.
The orc shouts!
You hear a shout!
The orc hits you but does no damage.
The orc hits you from afar with a +0 trident.
You barely miss the orc.
A goblin comes into view. It is wielding a +0 dagger.
An orc priest comes into view. It is wielding a +0 dagger.
The orc hits you with a +0 dagger. The orc barely misses you.
You feel a surge of power!
The negative energy hits the orc!
The orc is drained!
You kill the orc!
You feel drained.
The orc priest shouts, "Surrender to Beogh and we'll let you live!" (press Y on the ability menu to convert to Beogh)
The goblin shouts!
You hear an angry hiss.
The orc closely misses you. The orc hits you but does no damage.
Things that are here:
a +0 dagger; an orc corpse You hit the orc but do no damage.
The orc priest invokes the aid of Beogh against you.
Beogh smites you!
* * * LOW HITPOINT WARNING * * *
The orc misses you.
You hit the orc.
The orc is lightly wounded.
The orc priest invokes the aid of Beogh against you.
Beogh smites you!
Ouch! That really hurt!
You die...

. #.#.#.#
..$######.#.#.#
.......##.#...#
....##..#.#####.#
#####
.................
.....
....##....###.#.#
####. ###
#.#......#
#.#####..# #@#
... . #o# .. ..


BS# . .. ##go ##+ ..o #... .... ..... You could see an orc priest, 2 orcs, a
giant cockroach, a goblin and a ball python.

Vanquished Creatures
  An adder (D:2)
  2 dart slugs (D:1)
  An orc (D:3)
  2 ball pythons (D:1)
  4 endoplasms
  2 giant cockroaches
  3 goblins
  2 hobgoblins (D:1)
  6 jackals
  A kobold (D:2)
  A quokka (D:1)
  4 bats
  5 frilled lizards
  3 rats
37 creatures vanquished.

Notes
Turn   | Place    | Note
-------+----------+-------------------------------------------
     0 | D:1      | CowFu the Hill Orc Reaver began the quest for the Orb.
     0 | D:1      | Reached XP level 1. HP: 18/18 MP: 3/3
   145 | D:1      | Reached XP level 2. HP: 16/25 MP: 4/4
   524 | D:1      | Reached skill level 1 in Armour
   939 | D:1      | Reached skill level 1 in Necromancy
   939 | D:1      | Reached XP level 3. HP: 30/30 MP: 5/5
  1178 | D:2      | You fall into a shaft and drop 2 floors!
  1781 | D:3      | Killed from afar by an orc priest

Illustrated notes

Levels and vault maps discovered:
D:1:      evilmike_arrival_rings, layout_loops_ring
D:2:      layout_basic, dk_noncrumbling_3
D:3:      layout_basic, nicolae_hepliaklqana_hippocampus, serial_shops, shop
D:4:      layout_loops_cross, overflow_temple_1_default, serial_shops, shop,
          uniq_edmund

Skill      XL: |  1  2  3 |
---------------+----------+-----
Armour         | 1 |  1.4
Necromancy     | 1 |  1.2
Fighting       | 3 |  3.1
Axes           | |  4.5
Dodging        | |  1.5
Spellcasting   | |  1.5
Conjurations   | |  3.3

Action                     || total
---------------------------++-------
  Melee: Hand axe          ||   124
   Cast: Kiss of Death     ||     1
    Use: Potion            ||     1
 Armour: Leather armour    ||    78
  Dodge: Dodged            ||    82

Table legend: (Time is in decaauts)
 A = Elapsed time spent in this place.
 B = Non-inter-level travel time spent in this place.
 C = Inter-level travel time spent in this place.
 D = Time resting spent in this place.
 E = Time spent auto-exploring this place.
 F = Levels seen in this place.
 G = Mean time per level.
                   A        B        C        D        E       F      G
               +--------+--------+--------+--------+--------+-----+--------+
         Total |   1790 |   1670 |    120 |      0 |   1319 |   4 |  447.5 |
       Dungeon |   1790 |   1670 |    120 |      0 |   1319 |   4 |  447.5 |
               +--------+--------+--------+--------+--------+-----+--------+

Top non-repeatable levels by time:
     D:1: 1026 daAuts
     D:2: 692 daAuts
     D:3: 58 daAuts
     D:4: 12 daAuts
